 Dungeon Crawl Stone Soup version 0.27.1-34-g3ba077fa99 (webtiles) character file.

Game seed: 14845649722245612262

297 porpoise the Charlatan (level 6, 0/47 HPs)
             Began as a Gnoll Artificer on Jan 3, 2022.
             Killed by nerve-wracking pain
             ... invoked by an orc priest
              (4 damage)
             ... on level 4 of the Dungeon.
             The game lasted 00:16:50 (5618 turns).

porpoise the Charlatan (Gnoll Artificer)            Turns: 5618, Time: 00:16:51

Health: 0/47       AC:  7    Str: 13    XL:     6   Next: 35%
Magic:  8/8        EV: 11    Int: 17    God:
Gold:   131        SH:  0    Dex: 12    Spells: 8/8 levels left

rFire    . . .     SeeInvis .   b - +0 shortbow
rCold    . . .     Faith    .   (shield currently unavailable)
rNeg     . . .     Spirit   .   n - +0 ring mail
rPois    .         Reflect  .   l - +0 helmet
rElec    .         Harm     .   (no cloak)
rCorr    .         Rampage  .   (no gloves)
Will     .....                  (no boots)
Stlth    +.........             (no amulet)
HPRegen  0.15/turn              p - +6 ring of intelligence
MPRegen  0.11/turn              (no ring)

@: hasted, very quick
A: fangs 1, strong nose, distributed training
a: no special abilities


You were on level 4 of the Dungeon.
You visited 1 branch of the dungeon, and saw 4 of its levels.

You collected 131 gold pieces.

Inventory:

Hand Weapons
 a - a +0 short sword
 b - a +0 shortbow (weapon)
 h - a +0 club
 w - a +0 falchion of holy wrath
Missiles
 j - 128 stones
 m - 31 bolts
 q - 35 sling bullets
 r - 4 arrows (quivered ammo)
 y - 4 large rocks
Armour
 l - a +0 helmet (worn)
 n - a +0 ring mail (worn)
Jewellery
 p - a +6 ring of intelligence (left hand)
Wands
 c - a wand of flame (5)
 d - a wand of charming (12)
Scrolls
 g - 2 scrolls of enchant armour
 k - 2 scrolls of magic mapping
 o - 4 scrolls of teleportation
 v - a scroll of fog
Potions
 f - 3 potions of ambrosia
 i - a potion of flight {unknown}
 t - a potion of berserk rage {unknown}
 u - a potion of heal wounds {unknown}
 x - a potion of attraction {unknown}
Miscellaneous
 e - a piece from Xom's chessboard (13/15)


   Skills:
 + Level 3.2 Fighting
 + Level 1.9 Short Blades
 + Level 1.9 Long Blades
 + Level 1.9 Axes
 + Level 1.9 Maces & Flails
 + Level 1.9 Polearms
 + Level 1.9 Staves
 + Level 1.9 Slings
 + Level 1.9 Bows
 + Level 1.9 Crossbows
 + Level 1.9 Throwing
 + Level 5.0 Armour
 + Level 3.2 Dodging
 + Level 3.0 Stealth
 + Level 1.9 Shields
 + Level 1.9 Unarmed Combat
 + Level 1.9 Spellcasting
 + Level 1.5 Conjurations
 + Level 1.5 Hexes
 + Level 1.5 Summonings
 + Level 1.5 Necromancy
 + Level 1.5 Translocations
 + Level 1.5 Transmutations
 + Level 1.5 Fire Magic
 + Level 1.5 Ice Magic
 + Level 1.5 Air Magic
 + Level 1.5 Earth Magic
 + Level 1.5 Poison Magic
 + Level 2.1 Invocations
 + Level 6.8 Evocations


You had 8 spell levels left.
You didn't know any spells.
Your spell library contained the following spells:

 Spells                   Type           Power      Damage    Failure   Level
 Corona                   Hex            6%         N/A       21%         1
 Ensorcelled Hibernation  Hex/Ice        12%        N/A       30%         2
 Tukima's Dance           Hex            6%         N/A       52%         3


Dungeon Overview and Level Annotations

Branches:
Dungeon (4/15)
 Temple: D:4-7

Altars:
Kikubaaqudgha


Innate Abilities, Weirdness & Mutations

You have very sharp teeth.
Your uncanny sense of smell can sniff out nearby items.
Your experience applies equally to all skills.


Message History

You kill the orc!
The orc priest hits you with a +0 falchion. x2
The orc hits you but does no damage.
You shoot an arrow.
The arrow hits the orc priest but does no damage.
The orc priest is severely wounded.
The orc misses you.
The orc priest mumbles some strange prayers to Beogh against you.
Beogh smites you!
* * * LOW HITPOINT WARNING * * *
You are too injured to fight recklessly!
Fire: 7 arrows
Press: ? - help, Q - select action, (/) - cycle Shift-Dir - straight line, f/p - orc priest
Aim: an orc priest, wielding a +0 falchion and wearing a +0 ring mail (severely wounded, 61% to hit)
You shoot an arrow. The arrow hits the orc priest.
The orc priest is almost dead.
The orc misses you.
The orc priest hits you with a +0 falchion.
* * * LOW HITPOINT WARNING * * *
Fire: 6 arrows
Press: ? - help, Q - select action, (/) - cycle Shift-Dir - straight line, f/p - orc priest
Aim: an orc priest, wielding a +0 falchion and wearing a +0 ring mail (almost dead, 61% to hit)
You shoot an arrow.
The arrow closely misses the orc priest.
The orc closely misses you.
The orc priest begins to cast a cantrip, but forgets the words!
You feel yourself speed up. The orc hits you with a +0 whip.
* * * LOW HITPOINT WARNING * * *
The orc priest hits you with a +0 falchion.
* * * LOW HITPOINT WARNING * * *
Fire: 5 arrows
Press: ? - help, Q - select action, (/) - cycle Shift-Dir - straight line, f/p - orc priest
Aim: an orc priest, wielding a +0 falchion and wearing a +0 ring mail (almost dead, 61% to hit)
You shoot an arrow.
The arrow closely misses the orc priest.
The orc hits you with a +0 whip.
* * * LOW HITPOINT WARNING * * *
The orc priest invokes the aid of Beogh against you.
Pain shoots through your body!
You die...

#########
#.......####
#.......#.. .
#.......'.. .o
#.......# o..
#o......# ...####
<.........#
#@o)...(# .(>.#...
..........#
####'####((...#...
.........>#
#...o.(((....(#...
..........#
#......o......#...
..........#
#......##.....#...
..........#
#......########...
..........#
##.....##.....'...
..........#
##.....##.....#...
..........#
#.......>.....#...


You could see an orc priest and an orc.

Vanquished Creatures
  Blork the orc (D:4)
  A hound (D:4)
  2 iguanas (D:4)
  2 adders (D:2)
  An ufetubus (D:4)
  An adder skeleton (D:4)
  3 dart slugs
  4 orcs (D:4)
  3 endoplasms
  3 giant cockroaches (D:1)
  5 goblins
  5 hobgoblins (D:1)
  9 kobolds
  4 quokkas
  9 ball pythons
  9 bats
  A frilled lizard (D:2)
  4 rats
67 creatures vanquished.

Vanquished Creatures (collateral kills)
  A giant cockroach (D:1)
  2 frilled lizards (D:1)
  A rat (D:1)
4 creatures vanquished.

Vanquished Creatures (others)
  A centaur (D:3)
  An endoplasm (D:1)
2 creatures vanquished.

Grand Total: 73 creatures vanquished

Notes
Turn   | Place    | Note
-------+----------+-------------------------------------------
     0 | D:1      | porpoise the Gnoll Artificer began the quest for the Orb.
     0 | D:1      | Reached XP level 1. HP: 17/17 MP: 1/1
   308 | D:1      | Reached XP level 2. HP: 11/23 MP: 2/2
  1101 | D:1      | Reached XP level 3. HP: 28/28 MP: 3/3
  1304 | D:1      | You fall into a shaft and drop 1 floor!
  1814 | D:2      | Reached skill level 1 in Invocations
  2398 | D:2      | Found a faded altar of an unknown god.
  2591 | D:2      | Reached skill level 1 in Short Blades
  2591 | D:2      | Reached skill level 1 in Long Blades
  2591 | D:2      | Reached skill level 1 in Axes
  2591 | D:2      | Reached skill level 1 in Maces & Flails
  2591 | D:2      | Reached skill level 1 in Polearms
  2591 | D:2      | Reached skill level 1 in Staves
  2591 | D:2      | Reached skill level 1 in Slings
  2591 | D:2      | Reached skill level 1 in Bows
  2591 | D:2      | Reached skill level 1 in Crossbows
  2591 | D:2      | Reached skill level 1 in Throwing
  2591 | D:2      | Reached skill level 1 in Shields
  2591 | D:2      | Reached skill level 1 in Unarmed Combat
  2591 | D:2      | Reached skill level 1 in Spellcasting
  2756 | D:2      | Reached XP level 4. HP: 21/34 MP: 5/5
  3382 | D:3      | Found an ancient bone altar of Kikubaaqudgha.
  3403 | D:3      | Noticed a centaur
  3529 | D:3      | Reached skill level 1 in Conjurations
  3529 | D:3      | Reached skill level 1 in Hexes
  3529 | D:3      | Reached skill level 1 in Summonings
  3529 | D:3      | Reached skill level 1 in Necromancy
  3529 | D:3      | Reached skill level 1 in Translocations
  3529 | D:3      | Reached skill level 1 in Transmutations
  3529 | D:3      | Reached skill level 1 in Fire Magic
  3529 | D:3      | Reached skill level 1 in Ice Magic
  3529 | D:3      | Reached skill level 1 in Air Magic
  3529 | D:3      | Reached skill level 1 in Earth Magic
  3529 | D:3      | Reached skill level 1 in Poison Magic
  3902 | D:3      | Reached XP level 5. HP: 39/40 MP: 6/6
  4280 | D:4      | Noticed Blork the orc
  4297 | D:4      | Killed Blork the orc
  4594 | D:4      | Reached XP level 6. HP: 18/47 MP: 8/8
  5599 | D:4      | Reached skill level 5 in Armour
  5618 | D:4      | Killed from afar by an orc priest

Illustrated notes

Levels and vault maps discovered:
D:1:      lemuel_arrival_funnel, layout_rooms
D:2:      wander_river, layout_rooms, hellmonk_ecumenical_altar_zigzags,
          hangedman_decor_points
D:3:      layout_basic, general_overflow_altar
D:4:      layout_gridville, uniq_blork_the_orc

Skill      XL: |  1  2  3  4  5  6 |
---------------+-------------------+-----
Invocations    | 1 2 |  2.1
Short Blades   | 1 |  1.9
Long Blades    | 1 |  1.9
Axes           | 1 |  1.9
Maces & Flails | 1 |  1.9
Polearms       | 1 |  1.9
Staves         | 1 |  1.9
Slings         | 1 |  1.9
Bows           | 1 |  1.9
Crossbows      | 1 |  1.9
Throwing       | 1 |  1.9
Shields        | 1 |  1.9
Unarmed Combat | 1 |  1.9
Spellcasting   | 1 |  1.9
Conjurations   | 1 |  1.5
Hexes          | 1 |  1.5
Summonings     | 1 |  1.5
Necromancy     | 1 |  1.5
Translocations | 1 |  1.5
Transmutations | 1 |  1.5
Fire Magic     | 1 |  1.5
Ice Magic      | 1 |  1.5
Air Magic      | 1 |  1.5
Earth Magic    | 1 |  1.5
Poison Magic   | 1 |  1.5
Fighting       | 3 |  3.2
Dodging        | 3 |  3.2
Stealth        | 3 |  3.0
Armour         | 5 |  5.0
Evocations     | |  6.8

Action                   |  1- 3 |  4- 6 || total
-------------------------+-------+-------++-------
Melee: Club              |     8 |       ||     8
       Short sword       |    60 |    43 ||   103
       Bite              |     6 |     2 ||     8
 Fire: Shortbow          |       |   115 ||   115
Throw: Boomerang         |    34 |       ||    34
       Stone             |    50 |    14 ||    64
Evoke: Wand              |     4 |     9 ||    13
       Piece from Xom's  |     1 |     4 ||     5
  Use: Scroll            |       |    10 ||    10
       Potion            |       |     1 ||     1
Armor: Leather armour    |    26 |    23 ||    49
       Ring mail         |       |    16 ||    16
Dodge: Dodged            |    44 |    77 ||   121
